 Dungeon Crawl Stone Soup version 0.31.0-11-ge490571c62 (webtiles) character file.

Game seed: 6184761385773514624

37 Buffagor the Changeling (level 3, 0/27 HPs)
             Began as a Merfolk Shapeshifter on Jan 28, 2024.
             Slain by a hobgoblin (4 damage)
             ... on level 2 of the Dungeon.
             The game lasted 00:03:48 (818 turns).

Buffagor the Changeling (Merfolk Shapeshifter)       Turns: 818, Time: 00:03:48

Health: 0/27       AC:  2    Str: 14    XL:     3   Next: 41%
Magic:  3/3        EV: 10    Int:  9    God:
Gold:   55         SH:  0    Dex: 15    Spells: 2/2 levels left

rFire   . .          .
                       - Unarmed
rCold   . . .        (no shield)
rNeg    . . .        a - +0 animal skin
rPois   .            (helmet currently unavailable)
rElec   .            (cloak currently unavailable)
rCorr   .            (gloves currently unavailable)
SInv    .            (boots currently unavailable)
Will    .....        (no amulet)
Stlth   +            (no ring)
HPRegen 0.24/turn    (no ring)
MPRegen 0.08/turn

%: no passive effects
@: beast-form, constricted
A: beast (slay +2), (nimble swimmer 2), mertail
a: Begin Untransformation


You were on level 2 of the Dungeon.
You were a hulking beast.
You visited 1 branch of the dungeon, and saw 2 of its levels.

You collected 55 gold pieces.

Inventory:

Armour
 a - a +0 animal skin (worn)
Talismans
 c - a beast talisman (active)
 d - a flux talisman
Scrolls
 f - 2 scrolls of identify {unknown}
 g - a scroll of silence {unknown}
 h - 2 scrolls of teleportation {unknown}
Potions
 b - a potion of lignification
 e - a potion of enlightenment {unknown}
 i - a potion of ambrosia {unknown}
 j - a potion of heal wounds {unknown}
 k - a potion of attraction {unknown}


   Skills:
 + Level 1.8 Fighting
 + Level 3.2 Dodging
 * Level 4.0 Unarmed Combat
 + Level 4.3 Shapeshifting


You had 2 spell levels left.
You didn't know any spells.
Your spell library was empty.

Dungeon Overview and Level Annotations

Branches:
Dungeon (2/15)

Altars:


Innate Abilities, Weirdness & Mutations

You are a hulking beast.
Your limbs bulge with bestial killing power. (Slay +2)
((You are very nimble when in or above water. (Stealth+, EV+, Speed+++)))
Your lower body shifts to a powerful aquatic tail in water.


Message History

You feel sick. The hobgoblin barely misses you. The adder barely misses you.
You closely miss the hobgoblin.
The hobgoblin is severely wounded.
You feel sick.
The hobgoblin hits you but does no damage.
The adder barely misses you. The ball python barely misses you.
The ball python completely misses you.
You barely miss the hobgoblin.
The hobgoblin is severely wounded.
You feel sick. The adder bites you. The ball python misses you.
The ball python grabs you. The ball python constricts you.
The hobgoblin closely misses you.
Unknown command.
You closely miss the adder.
The adder is almost dead.
You feel sick. The adder bites you. The ball python barely misses you.
The ball python constricts you.
* * * LOW HITPOINT WARNING * * *
The hobgoblin closely misses you. The adder bites you but does no damage.
You hit the adder but do no damage.
The adder is almost dead.
You feel sick.
You are no longer poisoned.
The ball python closely misses you. The ball python constricts you.
* * * LOW HITPOINT WARNING * * *
The hobgoblin closely misses you. The adder bites you.
* * * LOW HITPOINT WARNING * * *
The ball python bites you but does no damage.
The ball python constricts you.
You hit the adder.
You kill the adder!
The hobgoblin closely misses you. The ball python barely misses you.
The ball python constricts you.
Your Unarmed Combat skill increases to level 4!
Unknown command.
Unknown command.
You barely miss the hobgoblin.
The hobgoblin is severely wounded.
The hobgoblin hits you.
You die...

#. #.. ... #. #..
.. #. #.##.#
#.#######.
##....##.#....<....
..
#......#.##########
...###........#
........g....##.
.....>.h##......
.......S...#
...##..##..# # .
#......#.#
##.......# #####
####.#### #....
#..†....# #.###
#.##.##.# #.# #
#.##.# ##.##


You could see a hobgoblin and a ball python.

Vanquished Creatures
  An adder (D:2)
  2 endoplasms
  A giant cockroach (D:1)
  8 goblins
  4 hobgoblins (D:1)
  A kobold (D:1)
  2 bats
  2 frilled lizards (D:1)
  6 rats
27 creatures vanquished.

Notes
Turn   | Place    | Note
-------+----------+-------------------------------------------
     0 | D:1      | Buffagor the Merfolk Shapeshifter began the quest for the
                  | Orb.
     0 | D:1      | Reached XP level 1. HP: 15/15 MP: 1/1
   203 | D:1      | Reached XP level 2. HP: 18/21 MP: 2/2
   649 | D:1      | Reached XP level 3. HP: 21/27 MP: 3/3
   818 | D:2      | Slain by a hobgoblin

Illustrated notes

Levels and vault maps discovered:
D:1:      roderic_crossed_star, layout_basic
D:2:      layout_loops_cross, uniq_crazy_yiuf_cottage

Skill      XL: |  1  2  3 |
---------------+----------+-----
Dodging        | 3 |  3.2
Unarmed Combat | 4 |  4.0
Fighting       | |  1.8
Shapeshifting  | |  4.3

Action                     || total
---------------------------++-------
  Melee: Unarmed           ||    86
         Punch             ||     2
 Armour: Animal skin       ||    40
  Dodge: Dodged            ||    51
   Form: Beast             ||     2
                           ||     1
